 Dungeon Crawl Stone Soup version 0.19-a0-1210-g5c1aa26 (webtiles) character file.

700 Ijustatesigmund the Conjurer (level 7, 0/43 HPs)
             Began as an Octopode Conjurer on Aug 22, 2016.
             Slain by a scorpion (4 damage)
             ... on level 4 of the Dungeon.
             The game lasted 00:17:30 (4640 turns).

Ijustatesigmund the Conjurer (Octopode Conjurer)    Turns: 4640, Time: 00:17:30

Health: 0/43       AC:  1    Str:  7    XL:     7   Next: 65%
Magic:  2/10       EV: 14    Int: 18    God:
Gold:   213        SH:  0    Dex: 14    Spells: 4 memorised, 0 levels left

rFire  . . .     SeeInvis .     n - +1 short sword (speed)
rCold  . . .     Gourm    .     (no shield)
rNeg   . . .     Faith    .     (helmet restricted)
rPois  .         Spirit   .     (no amulet)
rElec  .         Dismiss  .     (no ring)
rCorr  .         Reflect  .     (no ring)
MR     .....     Harm     .     (no ring)
Stlth  +++.......               (no ring)
                                (no ring)
                                (no ring)
                                (no ring)
                                (no ring)

@: lethally poisoned (0 -> -6)
A: almost no armour, amphibious, 8 rings, constrict 8, camouflage 1, gelatinous
body 1
a: no special abilities


You were on level 4 of the Dungeon.
You were not hungry.

You visited 1 branch of the dungeon, and saw 4 of its levels.

You collected 213 gold pieces.

Inventory:

Hand Weapons
 e - a +0 dagger
 k - a +0 short sword
 n - a +1 short sword of speed (weapon)
Missiles
 j - 11 tomahawks (quivered)
Scrolls
 c - 2 scrolls of immolation
 d - 3 scrolls of remove curse
Potions
 h - 2 potions of brilliance
 i - a potion of resistance
 m - a potion of lignification {unknown}
 o - a potion of cancellation {unknown}
 p - a potion of flight {unknown}
 r - a potion of might {unknown}
Books
 a - a book of Conjurations

   Spells                             Type                      Level
   a - Magic Dart                     Conjuration                  1
   b - Searing Ray                    Conjuration                  2
   c - Dazzling Spray                 Conjuration/Hexes            3
   d - Fulminant Prism                Conjuration/Hexes            4
   e - Iskenderun's Mystic Blast      Conjuration                  4
   f - Iskenderun's Battlesphere      Conjuration/Charms           5
Comestibles
 b - 5 bread rations
 f - a meat ration
 g - a slice of pizza


   Skills:
 + Level 1.6 Fighting
 + Level 1.5 Short Blades
 - Level 3.3 Dodging
 - Level 2.6 Stealth
 + Level 2.1 Spellcasting
 - Level 6.4 Conjurations
 - Level 4.8 Hexes


You couldn't memorise any spells.
You knew the following spells:

 Your Spells              Type           Power        Failure   Level  Hunger
a - Magic Dart            Conj           ####         1%          1    #......
b - Searing Ray           Conj           ####..       1%          2    ###....
c - Dazzling Spray        Conj/Hex       ###...       6%          3    ###....
d - Iskenderun's Mystic   Conj           ####....     17%         4    #####..


Dungeon Overview and Level Annotations

Branches:
Dungeon (4/15)
 Temple: D:4-7

Altars:
Dithmenos
Fedhas
Ru
The Shining One


Innate Abilities, Weirdness & Mutations

You cannot wear most types of armour.
You are amphibious.
You can wear up to eight rings at the same time.
You can use your tentacles to constrict eight enemies at once.
Your skin changes colour to match your surroundings (Stealth+).
Your rubbery body absorbs attacks. (AC +1, EV +1)


Message History

Casting: Searing Ray
Confirm with . or Enter, or press ? or * to list all spells.
Aiming: Searing Ray
Press: ? - help, Shift-Dir - straight line, f - scorpion
Aim: a scorpion The searing ray hits the scorpion.
The scorpion is moderately wounded.
You feel sick. The scorpion stings you.
The searing ray hits the scorpion.
The scorpion is moderately wounded.
You feel sick. The scorpion stings you.
* * * LOW HITPOINT WARNING * * *
The searing ray hits the scorpion.
The scorpion is moderately wounded.
* * * LOW HITPOINT WARNING * * *
You feel sick. The scorpion barely misses you.
It was a potion of cure mutation.
It has a very clean taste.
* * * LOW HITPOINT WARNING * * *
You feel sick. The scorpion stings you.
You die...

#.......... #............##
#.............#
#.............#
#..####.####.. ## #####..#
..... #.. ..
....'..#.......#.# .#
#####..#.......#.# .#
##....._....@# .#
#.#.......#s# .#
######.#.......#.####.#.#...
.......# ..... #.'.........>
#####..####.####..#.#.###..#
##............#.#.#
####).....####.#.# #......#
#.#.. ##......####.#########


You could see a scorpion.

Vanquished Creatures
  Sigmund (D:4)
  Edmund (D:4)
  A scorpion (D:4)
  3 orc priests
  A hound (D:4)
  An orc wizard (D:4)
  2 iguanas (D:4)
  4 gnolls (D:3)
  3 adders
  2 oozes
  3 dart slugs
  3 giant geckos
  14 orcs
  9 bats
  5 giant cockroaches
  8 hobgoblins
  2 jackals (D:2)
  A quokka (D:3)
  A giant gecko skeleton (D:4)
  3 giant newts
  12 goblins
  6 kobolds
  9 rats
95 creatures vanquished.

Notes
Turn   | Place    | Note
-------+----------+-------------------------------------------
     0 | D:1      | Ijustatesigmund the Octopode Conjurer began the quest for the Orb.
     0 | D:1      | Reached XP level 1. HP: 11/11 MP: 3/3
   168 | D:1      | Reached XP level 2. HP: 18/18 MP: 3/5
   281 | D:1      | Reached skill level 1 in Fighting
   508 | D:1      | Reached XP level 3. HP: 23/23 MP: 4/6
  1217 | D:2      | Learned a level 2 spell: Searing Ray
  1221 | D:2      | Learned a level 3 spell: Dazzling Spray
  1445 | D:2      | Reached skill level 1 in Short Blades
  1445 | D:2      | Reached XP level 4. HP: 28/28 MP: 2/7
  1968 | D:3      | Reached skill level 1 in Hexes
  2344 | D:3      | Reached XP level 5. HP: 20/33 MP: 1/8
  2547 | D:3      | Found a faded altar of an unknown god.
  3048 | D:4      | Reached skill level 5 in Conjurations
  3147 | D:4      | Reached XP level 6. HP: 36/38 MP: 9/9
  3173 | D:4      | Found a shadowy altar of Dithmenos.
  3261 | D:4      | Found a blossoming altar of Fedhas.
  3437 | D:4      | Noticed Edmund
  3584 | D:4      | Found a glowing golden altar of the Shining One.
  3607 | D:4      | Noticed Sigmund
  3633 | D:4      | Killed Sigmund
  3633 | D:4      | Reached XP level 7. HP: 14/43 MP: 1/10
  3804 | D:4      | HP: 2/43 [Edmund/dire flail of pain (14)]
  3806 | D:4      | Killed Edmund
  3806 | D:4      | Reached skill level 6 in Conjurations
  4350 | D:4      | Found a sacrificial altar of Ru.
  4528 | D:4      | Learned a level 4 spell: Iskenderun's Mystic Blast
  4640 | D:4      | Slain by a scorpion

Vault maps used:
D:1:      dpeg_arrival_rhombus
D:3:      ecumenical_altar_2
D:4:      old_standard_altar, tso_metal_star, old_standard_altar,
          kennysheep_mini, first_bread, uniq_edmund, uniq_sigmund

Skill      XL: |  1  2  3  4  5  6  7 |
---------------+----------------------+-----
Fighting       | 1 |  1.6
Short Blades   | 1 |  1.5
Dodging        | 3 |  3.3
Hexes          | 1 2 4 |  4.8
Conjurations   | 5 6 |  6.4
Stealth        | |  2.6
Spellcasting   | |  2.1

Action                   |  1- 3 |  4- 6 |  7- 9 || total
-------------------------+-------+-------+-------++-------
Melee: Unarmed           |     2 |       |       ||     2
       Constrict         |     4 |    25 |     1 ||    30
       Tentacles         |     2 |    13 |     5 ||    20
       Dagger            |    11 |       |       ||    11
       Short sword       |     1 |    92 |    16 ||   109
Throw: Tomahawk          |       |       |     1 ||     1
 Cast: Magic Dart        |    65 |    51 |     8 ||   124
       Searing Ray       |       |     7 |     7 ||    14
       Dazzling Spray    |       |       |     2 ||     2
  Use: Scroll            |     5 |     7 |       ||    12
       Potion            |       |     2 |     2 ||     4
 Stab: Sleeping          |     5 |     2 |       ||     7
       Invisible         |       |       |     1 ||     1
  Eat: Chunk             |     2 |    10 |     1 ||    13
       Pizza             |       |       |     1 ||     1
       Beef jerky        |       |       |     1 ||     1
Armor: Skin              |     1 |       |     2 ||     3
Dodge: Dodged            |     8 |    53 |    10 ||    71
